 Dungeon Crawl Stone Soup version 0.31.0-9-g3a7656b989 (webtiles) character file.

Game seed: 6682240531193864949

732 Eitelfritz the Slasher (level 7, -2/88 HPs)
             Began as a Minotaur Gladiator on Feb 4, 2024.
             Was an Initiate of Hepliaklqana.
             Killed by divine providence
             ... invoked by an orc priest
              (17 damage)
             ... on level 4 of the Dungeon.
             The game lasted 00:06:22 (2330 turns).

Eitelfritz the Slasher (Minotaur Gladiator)         Turns: 2330, Time: 00:06:22

Health: -2/88      AC: 23    Str: 18    XL:     7   Next: 45%
Magic:  6/6        EV:  2    Int:  7    God:    Hepliaklqana [......]
Gold:   18         SH:  0    Dex: 12    Spells: 6/6 levels left

rFire   . . .        b - +0 arbalest
rCold   . . .        (shield currently unavailable)
rNeg    . . .        h - melded +0 scale mail
rPois   +            c - melded +0 hat
rElec   .            (cloak currently unavailable)
rCorr   .            (gloves currently unavailable)
SInv    .            k - melded +2 pair of boots
Will    .....        (no amulet)
Stlth   +            (no ring)
HPRegen 0.34/turn    (no ring)
MPRegen 0.10/turn

%: no passive effects
@: tree-form
A: stationary, stasis, torment immunity, boosted hp, (horns 2), (retaliatory
headbutt)
a: Renounce Religion


You were on level 4 of the Dungeon.
You worshipped Hepliaklqana.
Hepliaklqana was noncommittal.
You were a tree.
You visited 1 branch of the dungeon, and saw 4 of its levels.

You collected 96 gold pieces.
You spent 78 gold pieces at shops.

Inventory:

Hand Weapons
 a - a +0 long sword
 b - a +0 arbalest (weapon)
Missiles
 d - 3 throwing nets
 e - a javelin
Armour
 c - a +0 hat (melded)
 h - a +0 scale mail (melded)
 k - a +2 pair of boots (melded)
 q - the +1 pair of gloves "Opsees" {+Blink Slay-3 Stlth+}
   (You found it on level 3 of the Dungeon)

   Slay-3:    It affects your accuracy & damage with ranged weapons and melee
   (-3).
   +Blink:    It lets you blink.
   Stlth+:    It makes you more stealthy.
Scrolls
 g - 3 scrolls of identify
 m - a scroll of revelation {unknown}
 o - a scroll of immolation {unknown}
 s - a scroll of enchant armour {unknown}
 t - a scroll of amnesia {unknown}
Potions
 i - 2 potions of lignification
 j - a potion of haste {unknown}
 l - a potion of attraction {unknown}
 n - a potion of heal wounds {unknown}
 p - a potion of degeneration {unknown}
 r - a potion of magic {unknown}
 u - a potion of brilliance {unknown}


   Skills:
 + Level 4.1 Fighting
 + Level 7.0 Long Blades
 + Level 2.0 Throwing
 + Level 5.4 Armour
 + Level 5.0 Dodging
 + Level 0.4 Stealth


You had 6 spell levels left.
You didn't know any spells.
Your spell library contained the following spells:

 Spells                   Type           Power      Damage    Failure   Level
 Stone Arrow              Conj/Erth      0%         3d7       80%         3
 Volatile Blastmotes      Fire/Tloc      0%         2d10      80%         3
 Animate Armour           Summ/Erth      0%         N/A       99%         4
 Fulminant Prism          Conj/Alch      0%         3d5       99%         4
 Iskenderun's Mystic Bla  Conj/Tloc      0%         2d3       99%         4
 Lehudib's Crystal Spear  Conj/Erth      0%         10d2      100%        8


Dungeon Overview and Level Annotations

Branches:
Dungeon (4/15)
 Temple: D:4-7

Altars:
Hepliaklqana
Sif Muna

Shops:
D:2 *(!


Innate Abilities, Weirdness & Mutations

You are a tree.
Your roots penetrate the ground, keeping you stationary.
You cannot be teleported.
You are immune to unholy pain and torment.
Your maximum health is greatly increased.
Your equipment is partially melded.
((You have a pair of horns on your head.))
((You reflexively headbutt those who attack you in melee.))


Message History

Unknown command.
You hit the gnoll but do no damage. The gnoll hits you but does no damage.
You barely miss the gnoll. You headbutt the gnoll.
The gnoll is lightly wounded.
The gnoll hits you with a +0 club.
You slash the gnoll! Your headbutt misses the gnoll.
The gnoll is severely wounded.
The gnoll hits you but does no damage.
You closely miss the gnoll.
The gnoll is severely wounded.
The gnoll hits you with a +0 club.
You barely miss the gnoll. You headbutt the gnoll.
You kill the gnoll!
The orc priest calls down the wrath of Beogh upon you.
Beogh smites you!
* * * LOW HITPOINT WARNING * * *
Your Dodging skill increases to level 5!
It was a potion of lignification.
You turn into a tree.
Your +0 hat melds into your body.
Your +2 pair of boots melds into your body.
Your +0 scale mail melds into your body.
Your roots penetrate the ground.
The orc hits you but does no damage.
The gnoll hits you from afar with a +0 spear.
* * * LOW HITPOINT WARNING * * *
You hit the orc.
The orc is severely wounded.
The orc hits you but does no damage. The gnoll hits you but does no damage.
You hit the orc.
You kill the orc!
The gnoll hits you but does no damage.
As you read the scroll labelled UXKIEN TIKHUH, it crumbles to dust.
It is a scroll of identify.
f - a potion of curing The gnoll hits you from afar with a +0 spear!
* * * LOW HITPOINT WARNING * * *
You feel better. The gnoll hits you but does no damage.
b - a +0 arbalest (weapon)
The orc priest mumbles some strange prayers to Beogh against you.
Beogh smites you!
You die...

####.# ## ###...###.#####
#......#....§.# ..g.§##.##.##.#
#.# ###..##.##.##.###....# #
#...g......#....#
###..##..#.##.#####
........#..##.######
#.#..........gg)♣.[#
.........####o####.# .......$.#
#.# #.# .........# #.# #.#
.........####.# #.#
.#............####.#####
...$...................########
h.......##########.###........###
P.P.....# #)# ######......


You could see an orc priest and 2 gnolls.

Vanquished Creatures
  Pikel (D:4)
  A phantom (D:4)
  A scorpion (D:4)
  A hound (D:4)
  Terence (D:3)
  A gnoll (D:4)
  2 adders (D:2)
  A dart slug (D:1)
  A ribbon worm (D:2)
  2 orcs (D:4)
  3 ball pythons
  3 bats
  3 endoplasms
  2 giant cockroaches (D:2)
  4 goblins
  6 hobgoblins
  5 kobolds
  3 quokkas (D:1)
  5 frilled lizards
  3 rats
  A spectral kobold (D:3)
50 creatures vanquished.

Notes
Turn   | Place    | Note
-------+----------+-------------------------------------------
     0 | D:1      | Eitelfritz the Minotaur Gladiator began the quest for the
                  | Orb.
     0 | D:1      | Reached XP level 1. HP: 18/18 MP: 0/0
   272 | D:1      | Reached XP level 2. HP: 25/25 MP: 1/1
   517 | D:1      | Reached skill level 4 in Long Blades
   865 | D:2      | Reached XP level 3. HP: 22/30 MP: 2/2
  1143 | D:2      | Found Memob's Weapon Shoppe.
  1244 | D:2      | Found Lyilan's Distillery.
  1374 | D:2      | Reached skill level 1 in Armour
  1417 | D:2      | Found Withru Dobimn's Assorted Antiques.
  1424 | D:2      | Bought a scroll labelled UXKIEN TIKHUH for 27 gold pieces
  1424 | D:2      | Bought a scroll labelled IRCHED USTOPPA for 27 gold pieces
  1560 | D:2      | Bought a murky golden potion for 24 gold pieces
  1589 | D:3      | Noticed Terence
  1599 | D:3      | Killed Terence
  1600 | D:3      | Reached XP level 4. HP: 32/37 MP: 3/3
  1611 | D:3      | Identified the +1 pair of gloves "Opsees" {+Blink Slay-3
                  | Stlth+}
  1832 | D:3      | Found a shimmering blue altar of Sif Muna.
  1995 | D:3      | Found a hazy altar of Hepliaklqana.
  2007 | D:3      | Became a worshipper of Hepliaklqana the Forgotten
  2130 | D:4      | Noticed Pikel
  2131 | D:4      | Noticed a lemure
  2132 | D:4      | Noticed a lemure
  2134 | D:4      | Noticed a lemure
  2135 | D:4      | Noticed a lemure
  2138 | D:4      | Killed Pikel
  2139 | D:4      | Reached skill level 6 in Long Blades
  2139 | D:4      | Reached XP level 5. HP: 33/46 MP: 4/4
  2139 | D:4      | Reached XP level 6. HP: 37/52 MP: 5/5
  2139 | D:4      | Reached XP level 7. HP: 42/58 MP: 6/6
  2218 | D:4      | Identified the +6 flail of the Devouring Gods {protect,
                  | *Corrode rPois Dex+4}
  2235 | D:4      | Reached skill level 5 in Armour
  2320 | D:4      | Reached skill level 7 in Long Blades
  2325 | D:4      | Reached skill level 5 in Dodging
  2328 | D:4      | HP: 4/88 [gnoll/+0 spear (7)]
  2330 | D:4      | Killed from afar by an orc priest

Illustrated notes

Levels and vault maps discovered:
D:1:      shiori_arrival_elements, layout_loops_ring, serial_park_tiny_1,
          minmay_box_of_dots
D:2:      layout_loops_cross, serial_shops, nicolae_shop_window_shopping, shop,
          shop
D:3:      layout_basic, nicolae_hepliaklqana_monster_ancestors,
          mainiacjoe_overflow_concentric_impassable, uniq_terence
D:4:      layout_loops_ring, minmay_temple_entry_gardened_gates, uniq_pikel

Skill      XL: |  1  2  3  4  5  6  7 |
---------------+----------------------+-----
Dodging        | 4 5 |  5.0
Long Blades    | 4 6 7 |  7.0
Armour         | 2 4 5 |  5.4
Fighting       | 3 4 |  4.1
Throwing       | |  2.0
Stealth        | |  0.4

Action                     |  1- 3 |  4- 6 |  7- 9 || total
---------------------------+-------+-------+-------++-------
  Melee: Long sword        |    90 |    25 |    29 ||   144
         Headbutt          |    16 |     3 |     4 ||    23
    Use: Potion            |       |       |     2 ||     2
         Scroll            |       |       |     1 ||     1
 Armour: Leather armour    |     4 |       |       ||     4
         Scale mail        |    70 |    16 |    33 ||   119
         Skin              |       |       |     7 ||     7
  Dodge: Dodged            |    58 |    14 |    16 ||    88
